 Dungeon Crawl Stone Soup version 0.20.0-10-g0535bb4 (webtiles) character file.

917942 MDvedh the Bringer of Light (level 27, -8/196 HPs)
             Began as a Gargoyle Gladiator on June 3, 2017.
             Was the Champion of the Shining One.
             Mangled by a dire elephant skeleton (14 damage)
             ... on level 7 of Cocytus.
             The game lasted 03:02:54 (68151 turns).

MDvedh the Bringer of Light (Gargoyle Gladiator)   Turns: 68151, Time: 03:02:54

Health: -8/196     AC: 60    Str: 28    XL:     27
Magic:  17/40      EV: 21    Int: 14    God:    the Shining One [******]
Gold:   8395       SH:  0    Dex:  9    Spells: 23/26 levels left

rFire    + + +     SeeInvis +   b - +9 lajatang (holy)
rCold    + + .     Gourm    .   (shield currently unavailable)
rNeg     + + +     Faith    .   v - +8 fire dragon scales
rPois    ∞         Spirit   .   (helmet restricted)
rElec    +         Reflect  .   T - +2 cloak of Autotheism {rF+ MR++}
rCorr    +         Harm     .   z - +2 pair of gloves of the Game Afoot {rElec rC++ Int-3 Slay+2}
MR       ++++.     Rnd*Tele +   m - +2 pair of boots {run}
Stlth    ..........             D - amulet "Cailum" {rPois Regen+ Str+2 Int+5}
Regen    0.9/turn               E - ring of protection from cold
MPRegen  0.3/turn               V - ring "Hizik" {rCorr Dex-2 Slay+3 SInv}

@: very slightly contaminated, hasted, glowing, studying 2 skills, very quick
A: big wings, beak, hooves 1, yellow scales 1, clumsy 1, negative energy
resistance 1, sense surroundings 1, electricity resistance, teleportitis 1, wild
magic 1, unbreathing, petrification resistance, rot immunity, sturdy frame 1, AC
+20
}: 7/15 runes: barnacled, slimy, silver, iron, obsidian, bone, gossamer
a: Fly, Divine Shield, Cleansing Flame, Summon Divine Warrior, Renounce Religion


You were on level 7 of Cocytus.
You worshipped the Shining One.
The Shining One was exalted by your worship.
You were not hungry.

You visited 17 branches of the dungeon, and saw 87 of its levels.
You also visited: Sewer and Volcano.

You collected 10227 gold pieces.
You spent 1832 gold pieces at shops.

Inventory:

Hand Weapons
 a - the +6 lajatang "Heucosch" {slice, rF+ Int+4}
   (Okawaru gifted it to you on level 4 of the Spider Nest)

   It inflicts extra damage upon your enemies.
   It affects your intelligence (+4).
   It protects you from fire.
 b - a +9 lajatang of holy wrath (weapon)
Missiles
 e - 3 throwing nets (quivered)
Armour
 m - a +2 pair of boots of running (worn)
 v - +8 fire dragon scales (worn)
 z - the +2 pair of gloves of the Game Afoot (worn) {rElec rC++ Int-3 Slay+2}
   (You found it on level 5 of the Vaults)

   It affects your intelligence (-3).
   It affects your accuracy and damage with ranged weapons and melee attacks
   (+2).
   It greatly protects you from cold.
   It insulates you from electricity.
 H - the +1 helmet of Gravity {rF+ rC++ rCorr Str-4}
   (Okawaru gifted it to you on level 3 of the Lair of Beasts)

   It affects your strength (-4).
   It protects you from fire.
   It greatly protects you from cold.
   It protects you from acid and corrosion.
 N - the +2 pair of gloves "Beuck" {Regen+ Int+4 Dex+3 SInv}
   (Okawaru gifted it to you on level 3 of the Vaults)

   It affects your intelligence (+4).
   It affects your dexterity (+3).
   It lets you see invisible.
   It increases your rate of regeneration.
 T - the +2 cloak of Autotheism (worn) {rF+ MR++}
   (You acquired it on level 4 of the Vaults)

   It protects you from fire.
   It affects your resistance to hostile enchantments.
Jewellery
 d - the ring of Yredelemnul's Regard {rF+ MR+ Dex+5}
   (You found it on level 5 of the Pits of Slime)

   [ring of dexterity]

   It affects your dexterity (+5).
   It protects you from fire.
   It affects your resistance to hostile enchantments.
 l - a +2 amulet of reflection
 q - the ring of the Mage {Wiz MR++ Int+3}
   (You bought it in a shop on level 2 of the Orcish Mines)

   [ring of wizardry]

   It improves your spell success rate.
   It affects your intelligence (+3).
   It affects your resistance to hostile enchantments.
 D - the amulet "Cailum" (around neck) {rPois Regen+ Str+2 Int+5}
   (You found it on level 7 of the Dungeon)

   [amulet of regeneration]

   It affects your strength (+2).
   It affects your intelligence (+5).
   It protects you from poison.
   It increases your rate of regeneration.
 E - a ring of protection from cold (left hand)
 M - a +3 ring of evasion
 V - the ring "Hizik" (right hand) {rCorr Dex-2 Slay+3 SInv}
   (You found it on level 6 of the Lair of Beasts)

   [ring of resist corrosion]

   It affects your dexterity (-2).
   It affects your accuracy and damage with ranged weapons and melee attacks
   (+3).
   It lets you see invisible.
Wands
 K - a wand of digging (9/24)
Scrolls
 i - 11 scrolls of enchant weapon
 k - 5 scrolls of fear
 n - 3 scrolls of fog
 p - 20 scrolls of remove curse
 t - a scroll of holy word
 u - 6 scrolls of blinking
 w - 6 scrolls of amnesia
 y - 19 scrolls of teleportation
 B - 3 scrolls of enchant armour
 C - a scroll of identify
 F - 8 scrolls of recharging
 I - a scroll of magic mapping
 L - a scroll of summoning
Potions
 c - 8 potions of lignification
 h - 6 potions of agility
 j - 23 potions of curing
 x - a potion of might
 A - 2 potions of haste
 G - 7 potions of heal wounds
 O - 7 potions of brilliance
 R - 3 potions of ambrosia
 U - 4 potions of berserk rage
 W - 3 potions of magic
 Z - 4 potions of cancellation
Books
 g - a manual of Evocations
 J - a manual of Transmutations
Comestibles
 f - 7 bread rations
 o - 17 royal jellies
 r - 39 fruits
 s - 14 meat rations


   Skills:
 + Level 26.1 Fighting
 + Level 24.1 Staves
 - Level 1.7 Throwing
 + Level 25.6 Armour
 + Level 23.6 Dodging
 O Level 27 Invocations


You had 23 spell levels left.
You knew the following spells:

 Your Spells              Type           Power        Failure   Level  Hunger
a - Regeneration          Chrm/Necr      #.........   82%         3    ####...


Dungeon Overview and Level Annotations

Branches:
Dungeon (15/15)            Temple (1/1) D:7            Lair (6/6) D:9
 Shoals (4/4) Lair:3       Spider (4/4) Lair:3        Slime (5/5) Lair:5
    Orc (2/2) D:11            Elf (3/3) Orc:2        Vaults (5/5) D:14
  Crypt (3/3) Vaults:2       Tomb (0/3) Crypt:3      Depths (5/5) D:15
   Hell (1/1)                 Dis (7/7) Hell            Geh (7/7) Hell
    Coc (7/7) Hell            Tar (7/7) Hell            Zot (5/5) Depths:5

Altars:
Ashenzari
Cheibriados
Dithmenos
Elyvilon
Gozag
Hepliaklqana
Kikubaaqudgha
Makhleb
Nemelex Xobeh
Okawaru
Qazlal
Sif Muna
Trog
Uskayaw
Vehumet
Xom
Yredelemnul
Zin
The Shining One
Jiyva

Shops:
D:4 ?   Orc:2 [(=*   Elf:2 **=*[   Vaults:1 (

Portals:
Hell: Depths:1 Depths:2 Depths:3 Depths:4 Depths:5
Abyss: Depths:2 Depths:4 Depths:5
Pandemonium: Depths:3 Depths:5
Ziggurat: Depths:4

Annotations:
D:3 exclusion: door
Lair:2 exclusion: oklob plant
Elf:1 Agnes
Elf:2 exclusion: Roxanne, Roxanne
Coc:7 Antaeus
Zot:3 1 exclusion


Innate Abilities, Weirdness & Mutations

You are resistant to torment.
Your stone body is resilient. (AC +20)
You are immune to poison.
Your large and strong wings let you fly indefinitely.
You resist negative energy. (rN+)
You are resistant to electric shocks. (rElec)
You can survive without breathing.
You are immune to petrification.
You are immune to rotting.
You have a beak for a mouth.
You have large cloven feet.
You are partially covered in yellow scales. (AC +2)
You are clumsy. (Dex -2)
You passively map a small area around you.
You are occasionally teleported next to monsters.
Your spells are a little harder to cast, but a little more powerful.
Your movements are slightly less encumbered by armour. (ER -2)


Message History

You feel your power returning.
You feel somewhat more hungry. The ice encasing you melts away.
You hear a deafening roar!
Antaeus completely misses you. Antaeus hits you!
* * * LOW HITPOINT WARNING * * *
Antaeus freezes you!! You resist.
* * * LOW HITPOINT WARNING * * *
2 skeletal warriors come into view.
A skeletal warrior is wielding a hand axe of freezing.
Unknown command.
Unknown command.
Unknown command.
Blink to where?
Press: ? - help, Dir - move target cursor You are very lightly contaminated with residual magic.
As you read the scroll of blinking, it crumbles to dust. 2 ice dragons come into view.
The ice dragon roars deafeningly!
The dire elephant skeleton tramples you!
You die...

************≈,,#}).$$#,,≈≈*
*≈≈
*********###≈..#=[C$$#,,≈≈*
*≈≈
*********###≈.D#=}§$$#,.≈≈*
*≈≈
*********###≈..##:.$##..≈≈*
*≈≈
*********###≈≈..##z##..≈≈≈*
*≈≈
*********###≈≈≈.D.zz..≈≈≈**
*≈≈
*********###≈≈≈....z.≈≈≈≈*
*≈≈
*********###≈≈≈≈....E≈≈≈≈*
*≈≈
*********###≈≈≈≈@Z.≈≈≈≈≈**
**≈
*********###≈≈≈≈≈≈≈≈≈≈≈≈*
*≈
*********###≈≈≈≈≈≈≈≈≈≈≈#*
*≈ *********###≈≈≈≈≈≈≈≈≈≈≈#
*≈ *********###############
**


You could see Antaeus, 2 ice dragons, 4 skeletal warriors, an elemental
wellspring and a dire elephant skeleton.

Vanquished Creatures
  Asmodeus (Geh:7)
  the Royal Jelly (Slime:5)
  Ereshkigal (Tar:7)
  the Serpent of Hell (Geh:7)
  5 ancient liches
  5 orbs of fire
  2 juggernauts
  Sojobo (Depths:1)
  3 shard shrikes
  Saint Roka (Depths:4)
  3 caustic shrikes (Depths:2)
  Frederick (Depths:5)
  2 curse toes
  Geryon (Hell)
  3 Killer Klowns (Zot:5)
  Xtahua (Depths:3)
  7 golden dragons
  Jory (Vaults:3)
  9 bone dragons
  25 Tzitzimimeh
  14 Brimstone Fiends
  2 electric golems
  9 doom hounds
  13 tentacled monstrosities
  9 iron giants
  13 liches
  8 Ice Fiends
  6 Hell Sentinels
  22 Orb Guardians (Zot:5)
  Rupert (D:15)
  13 deep elf blademasters
  A large abomination (Vaults:5)
  18 titans
  6 quicksilver dragons
  9 deep elf master archers
  12 acid blobs
  7 sphinxes
  2 Executioners
  8 death cobs
  A kraken (Shoals:2)
  Frances (Elf:1)
  10 tengu reavers
  10 shadow dragons
  21 ancient champions
  6 storm dragons
  6 draconian monks
  3 azure jellies
  4 revenants
  29 fire giants
  4 draconian knights
  18 vault wardens
  3 ghost moths (Spider:4)
  An orc warlord (Orc:2)
  A cacodemon (Tar:3)
  5 draconian scorchers
  19 frost giants
  8 iron dragons
  11 balrugs
  2 juggernaut zombies
  5 deep elf sorcerers
  2 deep elf elementalists (Elf:3)
  5 emperor scorpions
  2 draconian stormcallers (Zot:1)
  7 draconian shifters
  Louise (D:15)
  An elemental wellspring (Coc:2)
  5 ghouls
  A curse skull (Crypt:1)
  44 reapers
  4 draconian annihilators
  21 very ugly things
  14 ironheart preservers
  3 spriggan defenders
  9 entropy weavers
  2 deep elf demonologists
  The ghost of asdasd2 the Severer, a journeyman MiFi of Okawaru (D:15)
  11 green draconians
  11 war gargoyles
  24 stone giants
  11 vampire knights
  10 purple draconians
  Azrael (D:13)
  A lorocyproca (Hell)
  10 deep elf annihilators
  8 red draconians
  16 spark wasps
  6 yellow draconians
  8 black draconians
  2 dire elephants (Lair:6)
  7 white draconians
  7 eidola
  6 deep elf death magi
  3 blizzard demons
  2 merfolk impalers (Shoals:4)
  3 deep elf high priests
  An ettin (shapeshifter) (Depths:2)
  2 death oozes
  2 merfolk javelineers
  3 small abominations
  16 ettins
  Josephine (D:9)
  2 crystal guardians
  A kraken zombie (Hell)
  3 quicksilver dragon zombies
  15 yaktaur captains
  13 fire dragons
  5 jiangshi
  Fannar (Lair:2)
  7 rakshasas
  19 ice dragons
  7 hydras
  Erolcha (D:13)
  3 ghost crabs
  9 great orbs of eyes
  2 quicksilver dragon skeletons (Tar:2)
  A catoblepas (Lair:5)
  33 vault guards
  4 spriggan air magi
  6 death knights
  2 merfolk avatars
  Erica (D:10)
  15 centaur warriors
  12 vampire magi
  A satyr (Shoals:4)
  5 death yaks (Lair:5)
  3 tengu warriors
  4 titan zombies
  12 deep troll shamans
  33 hell hogs
  22 ogre magi
  15 deep troll earth magi
  46 two-headed ogres
  Urug (D:10)
  24 dancing weapons
  3 orc high priests
  6 spriggan berserkers
  23 deep elf knights
  2 iron golems
  4 storm dragon zombies
  17 soul eaters
  34 hell knights
  5 titan skeletons
  15 sun demons
  15 shadow wraiths
  An iron troll (Depths:4)
  79 skeletal warriors
  An entropy weaver zombie (Crypt:3)
  A death drake (Tar:5)
  A ghost moth zombie (Tar:7)
  2 storm dragon skeletons
  6 anaconda zombies
  34 deep trolls
  2 unseen horrors (shapeshifter)
  A swamp dragon (shapeshifter) (Vaults:5)
  A death drake (shapeshifter) (Depths:2)
  5 glowing orange brains
  A salamander mystic (Volcano)
  2 spark wasp zombies
  9 unseen horrors
  A sea snake (Shoals:4)
  8 shadow demons
  4 golden dragon zombies
  20 flayed ghosts
  5 wizards
  16 phantasmal warriors
  6 shadow dragon zombies
  29 deep elf archers
  6 wolf spider zombies
  3 golden dragon skeletons
  3 shadow dragon skeletons
  9 harpies
  20 orc knights
  59 ugly things
  19 orb spiders
  6 stone giant zombies
  24 necromancers
  2 anaconda skeletons
  53 deep elf magi
  A lindwurm (Lair:6)
  16 ironbrand convokers
  2 manticores (shapeshifter)
  A shining eye (shapeshifter) (Depths:2)
  7 orc sorcerers
  7 frost giant zombies
  25 wolf spiders
  7 fauns
  10 fire giant zombies
  5 manticores
  3 mana vipers (shapeshifter)
  3 shining eyes
  3 iron dragon zombies
  17 moths of wrath
  6 salamanders
  A sphinx skeleton (Depths:3)
  9 cyclopes
  5 iron dragon skeletons
  A moth of wrath (shapeshifter) (Depths:2)
  6 stone giant skeletons
  9 frost giant skeletons
  2 shock serpent zombies
  A black mamba (Lair:6)
  3 merfolk sirens (Shoals:2)
  6 dire elephant zombies
  10 elephants
  A black mamba (shapeshifter) (Vaults:3)
  9 molten gargoyles
  An eye of devastation (Slime:5)
  25 rust devils
  A fire giant skeleton (Coc:3)
  A torpor snail (shapeshifter) (Depths:1)
  4 smoke demons
  A shock serpent skeleton (Geh:4)
  A spiny frog (shapeshifter) (Depths:2)
  A yaktaur zombie (Hell)
  5 centaur skeletons
  3 dire elephant skeletons
  2 water nymphs (Shoals:2)
  17 vault sentinels
  2 torpor snails
  12 spiny frogs
  4 rime drakes
  25 hellions
  3 efreet
  26 freezing wraiths
  An anaconda simulacrum (Crypt:1)
  3 catoblepas zombies
  6 kobold demonologists
  16 komodo dragons
  A redback zombie (D:15)
  48 yaktaurs
  2 yaktaurs (shapeshifter)
  19 ice devils
  2 tengu conjurers (D:15)
  37 tormentors
  A white draconian skeleton (Crypt:2)
  4 guardian mummies
  A black draconian skeleton (Crypt:3)
  2 catoblepas skeletons
  11 demonic crawlers
  A yaktaur skeleton (Vaults:4)
  19 red devils
  A minotaur zombie (Geh:2)
  A queen bee (shapeshifter) (Depths:4)
  4 silent spectres
  A jumping spider (shapeshifter) (Depths:2)
  3 harpy zombies
  29 jumping spiders
  11 trolls
  A wind drake (Lair:6)
  5 merfolk
  12 hornets
  8 polar bears
  12 hydra zombies
  7 fire dragon zombies
  2 blink frogs (shapeshifter)
  A dream sheep (Shoals:3)
  6 ettin zombies
  3 harpy skeletons
  11 blink frogs
  A snapping turtle (Shoals:3)
  5 bog bodies
  46 slime creatures
  6 hydra skeletons
  A human simulacrum (Vaults:4)
  3 alligator zombies
  19 hippogriffs
  2 black mamba zombies
  10 ice dragon zombies
  A deep troll zombie (Hell)
  18 shadows
  A satyr skeleton (Crypt:2)
  A redback (shapeshifter) (D:11)
  61 flying skulls
  2 fire dragon skeletons
  Sigmund (D:4)
  6 air elementals
  3 elf zombies
  41 tarantellas
  2 alligator skeletons
  Eustachio (D:4)
  9 water elementals
  7 wyverns
  37 wraiths
  88 redbacks
  5 fire bats (Volcano)
  A hog (shapeshifter) (Depths:2)
  4 spriggans
  5 ettin skeletons
  51 yaks
  42 fire elementals
  A black mamba skeleton (Geh:7)
  2 hungry ghosts
  6 basilisks
  2 humans (shapeshifter)
  A basilisk (shapeshifter) (Vaults:1)
  A steam dragon (D:10)
  A glowing shapeshifter zombie (Crypt:3)
  A soldier ant (D:11)
  5 wargs
  2 acid dragons
  A hydra simulacrum (Hell)
  8 spiny frog zombies
  Duvessa (D:7)
  14 water moccasins
  2 floating eyes
  44 orc warriors
  An infernal demonspawn skeleton (Geh:5)
  18 hell hounds
  6 porcupines
  A hornet zombie (D:11)
  4 eyes of draining
  2 sky beasts
  A black bear (D:9)
  6 spiny frog skeletons
  An ettin simulacrum (Tar:5)
  2 manticore zombies (Geh:4)
  5 ice beasts
  A swamp dragon zombie (Crypt:1)
  8 phantoms
  7 wolves
  A boggart (shapeshifter) (Vaults:3)
  An eye of draining (shapeshifter) (Depths:2)
  6 snapping turtle zombies
  21 necrophages
  44 ogres
  A wolf (shapeshifter) (Vaults:5)
  6 human skeletons
  3 manticore skeletons
  3 snapping turtle skeletons
  12 boggarts
  17 crocodiles
  A swamp dragon skeleton (Geh:5)
  13 centaurs
  A big kobold (shapeshifter) (Depths:1)
  A hog skeleton (Crypt:1)
  8 big kobolds
  2 wyvern zombies
  3 earth elementals (Elf:3)
  A rime drake skeleton (Crypt:1)
  2 gnoll sergeants
  A glowing shapeshifter simulacrum (Vaults:1)
  20 bullfrogs
  Dowan (D:7)
  An elf skeleton (Crypt:1)
  2 wyvern skeletons
  A troll zombie (Tar:6)
  2 scorpions
  A water moccasin skeleton (D:8)
  4 killer bees (D:9)
  A howler monkey (D:14)
  60 wights
  6 electric eels
  6 lava snakes (Volcano)
  15 crimson imps
  5 human zombies
  A bullfrog zombie (D:7)
  5 centaur zombies
  5 hounds
  A hound (shapeshifter) (Depths:3)
  4 bullfrog skeletons
  13 jellies
  16 orc priests
  15 iron imps
  3 iguanas
  10 worker ants
  27 orc wizards
  A hell rat (Tar:7)
  A naga skeleton (Geh:7)
  2 ogre skeletons
  A hound skeleton (D:4)
  15 mummies
  2 worker ant zombies
  11 gnolls
  21 adders
  3 river rats (D:3)
  13 shadow imps
  2 white imps
  14 oozes
  A lava snake zombie (Crypt:1)
  An adder skeleton (D:3)
  2 adder zombies
  6 worms
  2 dart slugs
  12 leopard geckos
  72 orcs
  7 ball pythons
  14 bats
  A giant cockroach (D:3)
  8 goblins
  7 hobgoblins
  18 jackals
  35 kobolds
  A quokka (D:7)
  8 frilled lizards
  A hobgoblin zombie (Crypt:1)
  A jackal skeleton (D:4)
  A jackal zombie (D:7)
  A kobold skeleton (Geh:4)
  A leopard gecko skeleton (D:7)
  A leopard gecko zombie (D:9)
  A quokka zombie (D:9)
  9 rats
  A butterfly (D:7)
  A fire vortex (Geh:5)
  3 tentacles (Hell)
3512 creatures vanquished.

Vanquished Creatures (collateral kills)
  Dispater (Dis:7)
  2 Tzitzimimeh (Tar:7)
  3 Brimstone Fiends (Geh:7)
  An iron giant (Dis:7)
  A Hell Sentinel (Dis:7)
  An acid blob (Slime:5)
  A quicksilver dragon (Dis:7)
  2 ancient champions
  An iron dragon (Dis:7)
  A balrug (Geh:7)
  2 reapers
  An eidolon (Tar:7)
  2 sun demons (Geh:7)
  A shadow wraith (Tar:7)
  An unseen horror (Tar:7)
  2 phantasmal warriors
  A fire giant zombie (Dis:7)
  A rust devil (Dis:5)
  A red devil (Geh:7)
  A slime creature (Slime:5)
  3 flying skulls (Geh:7)
  An ettin zombie (Geh:7)
  A golden eye (Slime:5)
  A snapping turtle zombie (Geh:7)
  An eye of draining (Slime:5)
  A mummy (Dis:7)
35 creatures vanquished.

Vanquished Creatures (others)
  2 shard shrikes (Coc:7)
  2 reapers (Tar:7)
  2 elemental wellsprings (Coc:7)
  An entropy weaver (Spider:2)
  A yellow draconian (Zot:4)
  An ice dragon (Depths:5)
  A centaur warrior (Depths:2)
  A hell hog (Geh:6)
  A deep elf knight (Elf:1)
  2 hell knights (Geh:5)
  An unseen horror (shapeshifter) (Elf:3)
  An anaconda skeleton (Coc:7)
  A tengu zombie (Depths:3)
  A deep elf mage (Crypt:1)
  A rust devil (Dis:7)
  An iron dragon skeleton (Crypt:1)
  A hellion (Geh:6)
  A redback (Spider:3)
  An ogre (Vaults:4)
  An orc warrior (Orc:2)
  2 boggarts (Depths:2)
  A centaur (Depths:2)
  2 orcs
  18 fungi
  22 plants
  9 tentacles
78 creatures vanquished.

Grand Total: 3625 creatures vanquished

Notes
Turn   | Place    | Note
-------+----------+-------------------------------------------
     0 | D:1      | MDvedh the Gargoyle Gladiator began the quest for the Orb.
     0 | D:1      | Reached XP level 1. HP: 12/12 MP: 1/1
    48 | D:1      | Reached XP level 2. HP: 15/17 MP: 2/2
   300 | D:1      | Reached XP level 3. HP: 20/21 MP: 3/3
  1112 | D:2      | Reached XP level 4. HP: 19/26 MP: 4/4
  1594 | D:3      | Reached skill level 5 in Staves
  1727 | D:3      | Reached XP level 5. HP: 27/30 MP: 5/5
  1837 | D:3      | Found an opulent altar of Gozag.
  1955 | D:3      | Found a glowing drain.
  1962 | Sewer    | Entered a sewer
  2602 | D:3      | Found a deep blue altar of Sif Muna.
  2911 | D:4      | Reached XP level 6. HP: 35/35 MP: 6/6
  2913 | D:4      | Noticed Sigmund
  2923 | D:4      | Killed Sigmund
  3048 | D:3      | Found a hazy altar of Hepliaklqana.
  3242 | D:4      | Noticed Eustachio
  3281 | D:4      | Killed Eustachio
  3281 | D:4      | Reached XP level 7. HP: 31/40 MP: 7/7
  3511 | D:4      | Found Tacko's Magic Scroll Emporium.
  3523 | D:4      | Bought a scroll of enchant armour for 97 gold pieces
  3523 | D:4      | Bought a scroll of teleportation for 39 gold pieces
  3523 | D:4      | Bought a scroll of identify for 26 gold pieces
  3629 | D:5      | Entered Level 5 of the Dungeon
  3695 | D:5      | Found a shadowy altar of Dithmenos.
  3702 | D:5      | Found a glowing golden altar of the Shining One.
  3931 | D:6      | Reached XP level 8. HP: 24/44 MP: 8/8
  4277 | D:7      | Got a transparent zirconium amulet
  4295 | D:7      | Reached skill level 10 in Staves
  4349 | D:7      | Noticed Duvessa
  4366 | D:7      | Killed Duvessa
  4369 | D:7      | Noticed Dowan
  4388 | D:7      | Killed Dowan
  4584 | D:7      | Found a snail-covered altar of Cheibriados.
  4643 | D:7      | Found a staircase to the Ecumenical Temple.
  4653 | Temple   | Entered the Ecumenical Temple
  4693 | Temple   | Became a worshipper of Warmaster Okawaru
  4730 | D:7      | Reached XP level 9. HP: 41/48 MP: 9/9
  4872 | D:7      | Reached * piety under Okawaru
  5478 | D:8      | Noticed a dagger
  5478 | D:8      | Noticed a hand axe
  5479 | D:8      | Found a hide-covered altar of Uskayaw.
  5572 | D:8      | Found a white marble altar of Elyvilon.
  5575 | D:8      | Noticed a green ugly thing
  5575 | D:8      | Found a burning altar of Makhleb.
  5592 | D:8      | Killed a green ugly thing
  5592 | D:8      | Reached ** piety under Okawaru
  5592 | D:8      | Reached XP level 10. HP: 41/53 MP: 7/10
  6030 | D:8      | Found a stormy altar of Qazlal.
  6032 | D:8      | Found a radiant altar of Vehumet.
  6431 | D:9      | Reached skill level 1 in Armour
  6434 | D:9      | Identified the amulet "Cailum" {rPois Regen+ Str+2 Int+5} (You found it on level 7 of the Dungeon)
  6465 | D:9      | Found a staircase to the Lair.
  6587 | D:9      | Reached *** piety under Okawaru
  6737 | D:9      | Reached skill level 5 in Fighting
  6852 | D:9      | Got a translucent helmet
  6867 | D:9      | Identified the cursed +0 helmet of the Armoured One {+Fly rPois rC-} (You found it on level 9 of the Dungeon)
  7102 | D:9      | Reached skill level 5 in Armour
  7211 | D:9      | Reached **** piety under Okawaru
  7246 | D:9      | Reached XP level 11. HP: 31/66 MP: 11/11
  7380 | D:10     | Entered Level 10 of the Dungeon
  7531 | D:10     | Noticed Josephine
  7598 | D:9      | Killed Josephine
  7598 | D:9      | Reached ***** piety under Okawaru
  7727 | D:10     | Noticed Urug
  7750 | D:10     | Killed Urug
  7750 | D:10     | Reached skill level 1 in Invocations
  7785 | D:10     | Learned a level 3 spell: Regeneration
  7821 | D:10     | Reached skill level 2 in Invocations
  8245 | D:10     | Noticed Erica
  8256 | D:10     | Killed Erica
  8256 | D:10     | Reached skill level 3 in Invocations
  8464 | Lair:1   | Entered Level 1 of the Lair of Beasts
  8480 | Lair:1   | Received a gift from Okawaru
  8597 | Lair:1   | Found a frozen archway.
  8763 | Lair:1   | Reached skill level 4 in Invocations
  8834 | Lair:1   | Received a gift from Okawaru
  9511 | Lair:2   | Reached XP level 12. HP: 30/76 MP: 15/15
  9577 | Lair:2   | Noticed Fannar
  9596 | Lair:2   | Killed Fannar
  9596 | Lair:2   | Reached skill level 5 in Invocations
  9828 | Lair:2   | Reached skill level 10 in Fighting
  9835 | Lair:2   | Reached skill level 6 in Invocations
 10905 | Lair:3   | Reached skill level 10 in Armour
 10905 | Lair:3   | Reached skill level 7 in Invocations
 11030 | Lair:3   | Found a hole to the Spider Nest.
 11164 | Lair:3   | Received a gift from Okawaru
 11167 | Lair:3   | Got an ichor-stained helmet {god gift}
 11178 | Lair:3   | Identified the +1 helmet of Gravity {rF+ rC++ rCorr Str-4} (Okawaru gifted it to you on level 3 of the Lair of Beasts)
 11438 | Lair:3   | Gained mutation: You have sharp toenails. [potion of mutation]
 11438 | Lair:3   | Gained mutation: You are dopey. (Int -2) [potion of mutation]
 11438 | Lair:3   | Gained mutation: Your flesh is cold resistant. (rC+) [potion of mutation]
 11489 | Lair:3   | Found a staircase to the Shoals.
 11879 | Lair:4   | Reached skill level 8 in Invocations
 11913 | Lair:4   | Reached XP level 13. HP: 50/84 MP: 19/19
 11921 | Lair:4   | Reached ****** piety under Okawaru
 12684 | Lair:5   | Found a viscous altar of Jiyva.
 12684 | Lair:5   | Found a staircase to the Slime Pits.
 12883 | Lair:5   | Reached skill level 9 in Invocations
 13777 | Lair:5   | Received a gift from Okawaru
 14097 | Lair:6   | Entered Level 6 of the Lair of Beasts
 14112 | Lair:6   | Reached skill level 10 in Invocations
 14291 | Lair:6   | Found a dark tunnel.
 14335 | Volcano  | Entered a volcano
 14623 | Volcano  | Noticed a red draconian
 14689 | Volcano  | Killed a red draconian
 14689 | Volcano  | Gained mutation: Your large and strong wings let you fly indefinitely. [Gargoyle growth]
 14689 | Volcano  | Reached XP level 14. HP: 33/92 MP: 14/21
 14704 | Volcano  | Found a radiant altar of Vehumet.
 14865 | Lair:6   | Received a gift from Okawaru
 14903 | Lair:6   | Reached skill level 11 in Invocations
 15050 | Lair:6   | Got a clouded iron ring
 15057 | Lair:6   | Got a translucent turquoise ring
 15086 | Lair:6   | Identified the ring "Hizik" {rCorr Dex-2 Slay+3 SInv} (You found it on level 6 of the Lair of Beasts)
 15088 | Lair:6   | Identified the ring of Odilygei {+Fly rElec Stlth+} (You found it on level 6 of the Lair of Beasts)
 15445 | Lair:6   | Noticed a dire elephant
 15472 | Lair:6   | Killed a dire elephant
 15678 | Lair:6   | Noticed a dire elephant
 15706 | Lair:6   | Killed a dire elephant
 15850 | Lair:6   | Received a gift from Okawaru
 15974 | Lair:6   | Reached skill level 12 in Invocations
 16374 | D:11     | Found a staircase to the Orcish Mines.
 16492 | D:11     | Gained mutation: You have a somewhat thin skeletal structure. (Dex +2, Stealth) [mutagenic meat]
 16494 | D:11     | Gained mutation: You are partially covered in large bone plates. (SH +4) [mutagenic meat]
 16495 | D:11     | Gained mutation: Your magical capacity is low. (-10% MP) [mutagenic meat]
 16496 | D:11     | Gained mutation: You are robust. (+10% HP) [mutagenic meat]
 16599 | D:11     | Received a gift from Okawaru
 16612 | D:11     | Reached XP level 15. HP: 49/110 MP: 21/21
 17800 | D:12     | Reached skill level 13 in Invocations
 18423 | D:13     | Noticed Azrael
 18443 | D:13     | Killed Azrael
 18515 | D:13     | Reached skill level 15 in Fighting
 18537 | D:13     | Found a shimmering altar of Xom.
 18564 | D:13     | Received a gift from Okawaru
 18670 | D:13     | Noticed Erolcha
 18680 | D:13     | Killed Erolcha
 19811 | D:14     | Found a gate to the Vaults.
 19935 | D:14     | Reached skill level 15 in Armour
 20289 | D:15     | Entered Level 15 of the Dungeon
 20297 | D:15     | Noticed Louise
 20313 | D:14     | Received a gift from Okawaru
 20640 | D:15     | Killed Louise
 20646 | D:15     | Received a gift from Okawaru
 20691 | D:15     | Noticed asdasd2's ghost (journeyman MiFi)
 20713 | D:15     | HP: 2/113 [asdasd2's ghost (21)]
 20784 | D:14     | Reached XP level 16. HP: 67/118 MP: 23/23
 20943 | D:15     | Received a gift from Okawaru
 21080 | D:15     | Found a staircase to the Depths.
 21140 | D:15     | Killed asdasd2's ghost
 21140 | D:15     | Received a gift from Okawaru
 21569 | D:15     | Noticed Rupert
 21570 | D:15     | Paralysed by Rupert for 2 turns
 21585 | D:15     | Killed Rupert
 21998 | Orc:1    | Entered Level 1 of the Orcish Mines
 22208 | Orc:2    | Entered Level 2 of the Orcish Mines
 22225 | Orc:2    | Found a staircase to the Elven Halls.
 22431 | Orc:2    | Paralysed by an orc sorcerer for 4 turns
 22506 | Orc:2    | Found Quutu's General Store.
 22639 | Orc:2    | Reached skill level 15 in Staves
 22655 | Orc:2    | Paralysed by an orc sorcerer for 7 turns
 22663 | Orc:2    | Found Vucosoez's Antique Weapon Emporium.
 22974 | Orc:2    | Found Asoupp's Jewellery Shop.
 23014 | Orc:2    | Paralysed by an orc sorcerer for 4 turns
 23021 | Orc:2    | Received a gift from Okawaru
 23033 | Orc:2    | Bought a cursed ring of teleportation for 76 gold pieces
 23227 | Orc:2    | Found Wioj's Antique Armour Emporium.
 23365 | Orc:2    | Bought the ring of the Mage {Wiz MR++ Int+3} for 878 gold pieces
 23365 | Orc:2    | Bought a cursed -3 ring of evasion for 34 gold pieces
 23398 | Orc:2    | Bought a scroll of identify for 30 gold pieces
 23579 | Spider:1 | Entered Level 1 of the Spider Nest
 23973 | Elf:1    | Entered Level 1 of the Elven Halls
 24020 | Elf:1    | Reached XP level 17. HP: 104/127 MP: 24/24
 24123 | Elf:1    | Noticed Agnes
 24126 | Elf:1    | Noticed Frances
 24141 | Elf:1    | Killed Frances
 24401 | Elf:2    | Found Pocy's Assorted Antiques.
 24447 | Elf:2    | Found Bumoy's General Store.
 24452 | Elf:2    | Reached skill level 5 in Dodging
 24637 | Elf:2    | Found a runed gate.
 24637 | Elf:2    | Found a runed gate.
 24637 | Elf:2    | Found a runed gate.
 24655 | Elf:2    | Found Voaso's General Store.
 24663 | Elf:2    | Bought a potion of curing for 39 gold pieces
 24663 | Elf:2    | Bought a potion of heal wounds for 65 gold pieces
 24663 | Elf:2    | Bought a potion of agility for 52 gold pieces
 24663 | Elf:2    | Bought a scroll of magic mapping for 45 gold pieces
 24663 | Elf:2    | Bought a scroll of summoning for 123 gold pieces
 24691 | Elf:2    | Bought a potion of heal wounds for 100 gold pieces
 24774 | Elf:2    | Found Uzehul's Jewellery Emporium.
 24779 | Elf:2    | Found Giniutiz's Antique Armour Emporium.
 24790 | Elf:2    | Bought a crude cloak for 228 gold pieces
 24795 | Elf:2    | Identified the +1 cloak of Rationality {+Inv rElec MR- Int-2} (You bought it in a shop on level 2 of the Elven Halls)
 24954 | Elf:2    | Noticed Roxanne
 24998 | Elf:2    | Noticed a deep elf blademaster
 25015 | Elf:2    | Killed a deep elf blademaster
 25116 | Elf:2    | Received a gift from Okawaru
 26518 | Spider:1 | Received a gift from Okawaru
 27674 | Spider:2 | Reached XP level 18. HP: 91/136 MP: 8/25
 28624 | Spider:3 | Received a gift from Okawaru
 28791 | Spider:4 | Entered Level 4 of the Spider Nest
 29208 | Spider:3 | Received a gift from Okawaru
 29859 | Spider:4 | Identified a scroll of acquirement
 30267 | Spider:4 | Received a gift from Okawaru
 30275 | Spider:4 | Got a twisted lajatang {god gift}
 30276 | Spider:4 | Identified the +6 lajatang "Heucosch" {slice, rF+ Int+4} (Okawaru gifted it to you on level 4 of the Spider Nest)
 30605 | Spider:4 | Got a gossamer rune of Zot
 30830 | Shoals:1 | Entered Level 1 of the Shoals
 31273 | Shoals:3 | Reached XP level 19. HP: 136/143 MP: 26/26
 31381 | Shoals:3 | Received a gift from Okawaru
 31471 | Shoals:4 | Entered Level 4 of the Shoals
 31521 | Shoals:4 | Got a barnacled rune of Zot
 31846 | Vaults:1 | Entered Level 1 of the Vaults
 31852 | Vaults:1 | Found Rucoch's Weapon Shoppe.
 32337 | Vaults:1 | Got a brightly glowing ring mail
 32338 | Vaults:1 | Identified the +2 ring mail "Desuis" {rElec Str+6} (You found it on level 1 of the Vaults)
 32409 | Vaults:1 | Received a gift from Okawaru
 33190 | Vaults:1 | Received a gift from Okawaru
 33919 | Vaults:2 | Found a staircase to the Crypt.
 33963 | Vaults:2 | Reached skill level 10 in Dodging
 34024 | Vaults:2 | Reached XP level 20. HP: 128/152 MP: 27/27
 34105 | Vaults:2 | Received a gift from Okawaru
 35094 | Vaults:3 | Noticed Jory
 35122 | Vaults:3 | Killed Jory
 35223 | Vaults:3 | Received a gift from Okawaru
 35235 | Vaults:3 | Got a pair of polished gloves {god gift}
 35246 | Vaults:3 | Identified the +2 pair of gloves "Beuck" {Regen+ Int+4 Dex+3 SInv} (Okawaru gifted it to you on level 3 of the Vaults)
 36786 | Vaults:4 | Reached XP level 21. HP: 157/159 MP: 28/28
 36941 | Vaults:4 | Received a gift from Okawaru
 37648 | Vaults:4 | Got a pitted cloak
 37654 | Vaults:4 | Identified the +2 cloak of Autotheism {rF+ MR++} (You acquired it on level 4 of the Vaults)
 38094 | Elf:1    | Received a gift from Okawaru
 38110 | Elf:3    | Entered Level 3 of the Elven Halls
 38712 | Elf:3    | Received a gift from Okawaru
 39164 | Elf:3    | Got a warped jade ring
 39216 | Elf:3    | Identified the Volume of Helpful Evil
 39223 | Elf:3    | Got a fine golden ring
 39265 | Elf:3    | Identified the ring "Jurin" {rN+ MR+ Int+4} (You found it on level 3 of the Elven Halls)
 39266 | Elf:3    | Identified the ring of Ephemeral Luck {Str+4 Dex+2} (You found it on level 3 of the Elven Halls)
 39299 | Elf:3    | Got a faintly glowing golden ring
 39335 | Elf:3    | Identified the ring "Uciret" {*Tele Dex+8} (You found it on level 3 of the Elven Halls)
 39358 | Elf:3    | Got a scorched zirconium amulet
 39935 | Depths:1 | Entered Level 1 of the Depths
 40008 | Depths:1 | Received a gift from Okawaru
 40014 | Depths:1 | Reached XP level 22. HP: 146/168 MP: 29/29
 40325 | Depths:1 | Noticed Sojobo
 40326 | Depths:1 | Received a gift from Okawaru
 40377 | Depths:1 | Killed Sojobo
 40463 | Depths:1 | Got a pair of scorched gloves {god gift}
 40474 | Depths:1 | Identified the +0 pair of gloves of Paranoia {+Blink rC- Dex+3} (Okawaru gifted it to you on level 1 of the Depths)
 40694 | Depths:1 | Found a gateway to Hell.
 41071 | Depths:1 | Identified Goquah's Collected Works on Poison and Sinister Rites
 41264 | Depths:1 | Identified the amulet "Hero's Friend" {+Rage Str+7} (You took it off a deep elf death mage on level 3 of the Elven Halls)
 41476 | Depths:2 | Paralysed by a floating eye for 4 turns
 41503 | Depths:2 | Found a one-way gate to the infinite horrors of the Abyss.
 41728 | Depths:2 | Received a gift from Okawaru
 41930 | Depths:2 | Got a turquoise-encrusted scale mail
 41931 | Depths:2 | Identified the cursed +1 scale mail of Soriqofea {*Drain Regen+ Int+4} (You found it on level 2 of the Depths)
 42115 | Depths:2 | Identified the Compendium of Earthen Dislocation
 42176 | Depths:2 | Noticed a caustic shrike
 42193 | Depths:2 | Noticed a caustic shrike
 42334 | Depths:2 | Killed a caustic shrike
 42334 | Depths:2 | Reached XP level 23. HP: 157/176 MP: 29/29
 42384 | Depths:2 | Got a fine amethyst amulet
 42397 | Depths:2 | Received a gift from Okawaru
 42518 | Depths:2 | Killed a caustic shrike
 43095 | Depths:2 | Noticed a caustic shrike
 43112 | Depths:2 | Killed a caustic shrike
 43259 | Depths:2 | Received a gift from Okawaru
 43279 | Depths:2 | Identified the amulet "Xoub" {Harm *Drain rN+} (You took it off a yaktaur on level 2 of the Depths)
 43948 | Depths:3 | Noticed a golden dragon
 43955 | Depths:3 | Killed a golden dragon
 44096 | Depths:3 | Received a gift from Okawaru
 44119 | Depths:3 | Noticed a juggernaut
 44140 | Depths:3 | Killed a juggernaut
 44140 | Depths:3 | Received a gift from Okawaru
 44140 | Depths:3 | Reached XP level 24. HP: 167/184 MP: 23/29
 44567 | Depths:3 | Noticed Xtahua
 44772 | Depths:3 | Killed Xtahua
 44781 | Depths:3 | Found a one-way gate leading to the halls of Pandemonium.
 45109 | Depths:4 | Noticed Saint Roka
 45136 | Depths:4 | Killed Saint Roka
 45344 | Depths:4 | Found a gateway to a ziggurat.
 45953 | Depths:4 | Received a gift from Okawaru
 45996 | Depths:5 | Entered Level 5 of the Depths
 46491 | Depths:5 | Received a gift from Okawaru
 46573 | Depths:5 | Reached XP level 25. HP: 192/192 MP: 29/29
 46591 | Depths:5 | Noticed Frederick
 46606 | Depths:5 | Killed Frederick
 46700 | Depths:5 | Noticed a juggernaut
 46714 | Depths:5 | Killed a juggernaut
 46774 | Depths:5 | Reached skill level 15 in Dodging
 46829 | Depths:5 | Found a gate to the Realm of Zot.
 47160 | Slime:1  | Entered Level 1 of the Pits of Slime
 47287 | Slime:2  | Gained mutation: Your spells are a little easier to cast, but a little less powerful. [a shining eye]
 47367 | Slime:3  | Gained mutation: Armour fits poorly on your strangely shaped body. [a shining eye]
 47377 | Slime:3  | Lost mutation: Your magical capacity is low. (-10% MP) [potion of mutation]
 47377 | Slime:3  | Lost mutation: You have sharp toenails. [potion of mutation]
 47377 | Slime:3  | Lost mutation: You are dopey. (Int -2) [potion of mutation]
 47377 | Slime:3  | Gained mutation: You are covered in fur. (AC +1) [potion of mutation]
 47377 | Slime:3  | Gained mutation: You possess an exceptional clarity of mind. [potion of mutation]
 47377 | Slime:3  | Gained mutation: Your movements are slightly less encumbered by armour. (ER -2) [potion of mutation]
 47378 | Slime:3  | Lost mutation: Armour fits poorly on your strangely shaped body. [potion of mutation]
 47378 | Slime:3  | Lost mutation: You possess an exceptional clarity of mind. [potion of mutation]
 47378 | Slime:3  | Lost mutation: Your flesh is cold resistant. (rC+) [potion of mutation]
 47378 | Slime:3  | Lost mutation: You have a somewhat thin skeletal structure. (Dex +2, Stealth) [potion of mutation]
 47378 | Slime:3  | Lost mutation: Your spells are a little easier to cast, but a little less powerful. [potion of mutation]
 47378 | Slime:3  | Gained mutation: You are weak. (Str -2) [potion of mutation]
 47378 | Slime:3  | Lost mutation: You are weak. (Str -2) [potion of mutation]
 47378 | Slime:3  | Gained mutation: You are agile. (Dex +2) [potion of mutation]
 47382 | Slime:4  | Gained mutation: Your magical capacity is low. (-10% MP) [a shining eye]
 47444 | Slime:5  | Entered Level 5 of the Pits of Slime
 47564 | Slime:5  | Found a viscous altar of Jiyva.
 47564 | Slime:5  | Noticed the Royal Jelly
 47572 | Slime:5  | Received a gift from Okawaru
 47587 | Slime:5  | Killed the Royal Jelly
 47609 | Slime:5  | Got a flickering amber ring
 47615 | Slime:5  | Got a slimy rune of Zot
 47625 | Slime:5  | Identified the Disquisition on Spatial Summoning
 47796 | Slime:5  | Got a shimmering plate armour
 47797 | Slime:5  | Identified the ring of Yredelemnul's Regard {rF+ MR+ Dex+5} (You found it on level 5 of the Pits of Slime)
 47829 | Slime:5  | Identified the cursed +1 plate armour of Impressiveness {-Tele rPois rC- SInv} (You found it on level 5 of the Pits of Slime)
 48226 | Zot:1    | Entered Level 1 of the Realm of Zot
 48408 | Zot:1    | Received a gift from Okawaru
 48785 | Zot:1    | Noticed an orb of fire
 48796 | Zot:1    | Killed an orb of fire
 48873 | Zot:1    | Reached XP level 26. HP: 200/201 MP: 21/29
 49091 | Zot:3    | Got a scintillating pewter amulet
 49412 | Zot:3    | Received a gift from Okawaru
 49926 | Zot:4    | Identified the amulet "Fuin" {Inacc +Inv rF- MR++ Int+4} (You found it on level 3 of the Realm of Zot)
 50385 | Zot:4    | Received a gift from Okawaru
 50441 | Zot:4    | Got a pair of fine gloves {god gift}
 50443 | Zot:4    | Identified the -2 pair of gloves of the Wheelwright {MR- Dex+7 Stlth+} (Okawaru gifted it to you on level 4 of the Realm of Zot)
 50651 | Zot:4    | Identified a +1 pair of boots of running (You acquired it on level 4 of the Realm of Zot)
 51351 | Zot:5    | Entered Level 5 of the Realm of Zot
 51390 | Zot:5    | Reached XP level 27. HP: 209/210 MP: 14/29
 51865 | Zot:5    | Noticed an orb of fire
 51865 | Zot:5    | Received a gift from Okawaru
 51868 | Zot:5    | Gained mutation: Scrolls take you a little longer to read. [an orb of fire]
 51876 | Zot:5    | Gained mutation: You evolve. [an orb of fire]
 51880 | Zot:5    | Killed an orb of fire
 51886 | Zot:5    | Got a translucent cloak {god gift}
 51943 | Zot:5    | Identified the +1 cloak of Okawaru's Condemnation {Stlth+} (Okawaru gifted it to you on level 5 of the Realm of Zot)
 51946 | Zot:5    | Noticed an ancient lich
 51950 | Zot:5    | Noticed an orb of fire
 51959 | Zot:5    | Killed an ancient lich
 51961 | Zot:5    | Gained mutation: Your body sometimes deteriorates upon taking damage. [an orb of fire]
 51963 | Zot:5    | Gained mutation: You are dopey. (Int -2) [an orb of fire]
 51972 | Zot:5    | Killed an orb of fire
 51973 | Zot:5    | Lost mutation: Your body sometimes deteriorates upon taking damage. [potion of mutation]
 51973 | Zot:5    | Lost mutation: You are agile. (Dex +2) [potion of mutation]
 51973 | Zot:5    | Gained mutation: Scrolls take you longer to read. [potion of mutation]
 51973 | Zot:5    | Gained mutation: Your spells are a little harder to cast, but a little more powerful. [potion of mutation]
 51974 | Zot:5    | Lost mutation: Scrolls take you longer to read. [potion of mutation]
 51974 | Zot:5    | Lost mutation: Your magical capacity is low. (-10% MP) [potion of mutation]
 51974 | Zot:5    | Lost mutation: Scrolls take you a little longer to read. [potion of mutation]
 51974 | Zot:5    | Gained mutation: You tend to lose your temper in combat. [potion of mutation]
 51974 | Zot:5    | Gained mutation: You are covered in thick fur. (AC +2) [potion of mutation]
 51974 | Zot:5    | Gained mutation: Your spells are harder to cast, but more powerful. [potion of mutation]
 51975 | Zot:5    | Lost mutation: You are dopey. (Int -2) [potion of mutation]
 51975 | Zot:5    | Lost mutation: You are covered in thick fur. (AC +2) [potion of mutation]
 51975 | Zot:5    | Lost mutation: You evolve. [potion of mutation]
 51975 | Zot:5    | Lost mutation: You are covered in fur. (AC +1) [potion of mutation]
 51975 | Zot:5    | Gained mutation: You passively map a small area around you. [potion of mutation]
 51975 | Zot:5    | Gained mutation: You have large cloven feet. [potion of mutation]
 51976 | Zot:5    | Lost mutation: You tend to lose your temper in combat. [potion of mutation]
 51976 | Zot:5    | Lost mutation: You are partially covered in large bone plates. (SH +4) [potion of mutation]
 51976 | Zot:5    | Lost mutation: You are robust. (+10% HP) [potion of mutation]
 51976 | Zot:5    | Lost mutation: You have large cloven feet. [potion of mutation]
 51976 | Zot:5    | Gained mutation: You have a beak for a mouth. [potion of mutation]
 51976 | Zot:5    | Gained mutation: You are agile. (Dex +2) [potion of mutation]
 52063 | Zot:5    | Noticed an orb of fire
 52069 | Zot:5    | Gained mutation: You are occasionally teleported next to monsters. [an orb of fire]
 52075 | Zot:5    | Gained mutation: Your muscles are strong. (Str +2) [an orb of fire]
 52080 | Zot:5    | Killed an orb of fire
 52129 | Zot:5    | Lost mutation: Your muscles are strong. (Str +2) [potion of mutation]
 52129 | Zot:5    | Lost mutation: Your spells are harder to cast, but more powerful. [potion of mutation]
 52129 | Zot:5    | Lost mutation: You are agile. (Dex +2) [potion of mutation]
 52129 | Zot:5    | Gained mutation: You are partially covered in yellow scales. (AC +2) [potion of mutation]
 52129 | Zot:5    | Gained mutation: You have large cloven feet. [potion of mutation]
 52302 | Zot:5    | Noticed an orb of fire
 52320 | Zot:5    | Gained mutation: Your body sometimes deteriorates upon taking damage. [an orb of fire]
 52330 | Zot:5    | Killed an orb of fire
 52796 | Vaults:5 | Entered Level 5 of the Vaults
 52818 | Vaults:4 | Received a gift from Okawaru
 53053 | Vaults:5 | Noticed an ancient lich
 53226 | Vaults:5 | Noticed an ancient lich
 53453 | Vaults:5 | Identified Xunezun's Collected Works on the Arsonist
 53477 | Vaults:5 | Received a gift from Okawaru
 53512 | Vaults:5 | Got a pair of ancient gloves
 53519 | Vaults:5 | Identified the +2 pair of gloves of the Game Afoot {rElec rC++ Int-3 Slay+2} (You found it on level 5 of the Vaults)
 53717 | Vaults:5 | Killed an ancient lich
 54248 | Vaults:5 | Got a silver rune of Zot
 54730 | D:5      | Fell from the grace of Okawaru
 54730 | D:5      | Became a worshipper of the Shining One
 55107 | Crypt:1  | Entered Level 1 of the Crypt
 55145 | Crypt:1  | Reached * piety under the Shining One
 55317 | Crypt:1  | Reached ** piety under the Shining One
 55396 | Crypt:1  | Reached *** piety under the Shining One
 55464 | Crypt:1  | Reached skill level 14 in Invocations
 55819 | Crypt:1  | Reached **** piety under the Shining One
 56028 | Crypt:2  | Reached ***** piety under the Shining One
 56196 | Crypt:2  | Reached skill level 15 in Invocations
 56786 | Crypt:3  | Entered Level 3 of the Crypt
 56786 | Crypt:3  | Reached ****** piety under the Shining One
 56842 | Crypt:3  | Identified a +6 lajatang of holy wrath (a +4 antimagic lajatang blessed by the Shining One)
 56842 | Crypt:3  | Received a gift from the Shining One
 56862 | Crypt:3  | Reached skill level 16 in Invocations
 57265 | Crypt:3  | Found a staircase to the Tomb.
 57575 | Crypt:3  | Noticed an ancient lich
 57579 | Crypt:3  | Noticed an ancient lich
 57579 | Crypt:3  | Noticed an ancient lich
 57808 | Crypt:3  | Killed an ancient lich
 57818 | Crypt:3  | Killed an ancient lich
 57818 | Crypt:3  | Reached skill level 17 in Invocations
 57826 | Crypt:3  | Killed an ancient lich
 57835 | Crypt:3  | Got a smoking marble ring
 57835 | Crypt:3  | Got a steaming silver ring
 57849 | Crypt:3  | Identified Khufu's Disquisition on Darkness
 57852 | Crypt:3  | Identified the ring "Issivaun" {rN+ Dex+2} (You found it on level 3 of the Crypt)
 57853 | Crypt:3  | Identified the ring "Foryatew" {rElec rF- rN+ Slay+3} (You found it on level 3 of the Crypt)
 58236 | Hell     | Entered the Vestibule of Hell
 58236 | Hell     | Noticed Geryon
 58252 | Hell     | Killed Geryon
 58308 | Hell     | Reached skill level 18 in Invocations
 58354 | Hell     | Found a gateway to the decaying netherworld of Tartarus.
 58407 | Hell     | Found a gateway to the ashen valley of Gehenna.
 58478 | Hell     | Found a gateway to the Iron City of Dis.
 58549 | Hell     | Found a gateway to the freezing wastes of Cocytus.
 58625 | Geh:1    | Entered Level 1 of Gehenna
 58832 | Geh:2    | Lost mutation: Your body sometimes deteriorates upon taking damage. [the power of Zot]
 58860 | Geh:2    | Gained mutation: You are clumsy. (Dex -2) [mutagenic glow]
 59020 | Geh:3    | Reached skill level 19 in Invocations
 59718 | Geh:6    | Reached skill level 20 in Invocations
 61132 | Geh:7    | Entered Level 7 of Gehenna
 61398 | Geh:7    | Reached skill level 21 in Invocations
 61405 | Geh:7    | Noticed the Serpent of Hell
 61419 | Geh:7    | Killed the Serpent of Hell
 61511 | Geh:7    | Noticed Asmodeus
 61528 | Geh:7    | Killed Asmodeus
 61565 | Geh:7    | Got an obsidian rune of Zot
 61886 | Tar:1    | Entered Level 1 of Tartarus
 61905 | Tar:2    | Reached skill level 22 in Invocations
 62105 | Tar:2    | Was forgiven by Okawaru
 62723 | Tar:4    | Reached skill level 23 in Invocations
 63312 | Tar:7    | Entered Level 7 of Tartarus
 63585 | Tar:7    | Reached skill level 24 in Invocations
 64126 | Tar:7    | Got a translucent amethyst amulet
 64133 | Tar:7    | Identified the amulet of Igol {Faith +Blink rF+ Str-5 Dex+6} (You found it on level 7 of Tartarus)
 64474 | Tar:7    | Reached skill level 25 in Invocations
 64481 | Tar:7    | Noticed Ereshkigal
 64495 | Tar:7    | Killed Ereshkigal
 64529 | Tar:7    | Got a bone rune of Zot
 65185 | Dis:1    | Entered Level 1 of the Iron City of Dis
 65464 | Dis:3    | Reached skill level 26 in Invocations
 66384 | Dis:7    | Entered Level 7 of the Iron City of Dis
 66578 | Dis:7    | Reached skill level 27 in Invocations
 66962 | Dis:7    | Identified Sofoafen's Further Steps in Casting
 67057 | Dis:7    | Noticed Dispater
 67071 | Dis:7    | Killed Dispater
 67130 | Dis:7    | Got an iron rune of Zot
 67378 | Coc:1    | Entered Level 1 of Cocytus
 67977 | Coc:7    | Entered Level 7 of Cocytus
 68142 | Coc:7    | Noticed Antaeus
 68150 | Coc:7    | HP: 6/196 [Antaeus (18)]
 68151 | Coc:7    | Mangled by a dire elephant skeleton

Skill      XL: |  1  2  3  4  5  6  7  8  9 10 11 12 13 14 15 16 17 18 19 20 21 22 23 24 25 26 27 |
---------------+----------------------------------------------------------------------------------+-----
Staves         | 4 5 6 8 9 11 13 14 15 16 17 18 19 20 21 22 24 | 24.1
Armour         | 5 8 10 12 13 15 16 17 18 19 20 21 22 23 25 | 25.6
Fighting       | 6 9 11 12 14 15 16 17 18 19 20 21 22 23 24 26 | 26.1
Invocations    | 4 8 10 12 13 27 | 27.0
Dodging        | 4 6 8 10 11 12 13 14 15 16 23 | 23.6
Throwing       | |  1.7

Action                   |  1- 3 |  4- 6 |  7- 9 | 10-12 | 13-15 | 16-18 | 19-21 | 22-24 | 25-27 || total
-------------------------+-------+-------+-------+-------+-------+-------+-------+-------+-------++-------
Melee: Quarterstaff      |   111 |   274 |   358 |  1046 |  2051 |  1232 |       |       |       ||  5072
       Lajatang          |       |       |       |       |       |   931 |  1548 |  1798 |  5070 ||  9347
       Peck              |       |       |       |       |       |       |       |       |  1021 ||  1021
Throw: Throwing net      |       |       |       |       |       |     5 |       |       |       ||     5
Invok: Heroism           |       |       |     3 |    10 |    11 |    17 |    15 |    12 |    27 ||    95
       Finesse           |       |       |       |       |     2 |     9 |     4 |     5 |    13 ||    33
       Cleansing Flame   |       |       |       |       |       |       |       |       |    69 ||    69
       Divine Shield     |       |       |       |       |       |       |       |       |    13 ||    13
       Summon Divine War |       |       |       |       |       |       |       |       |     7 ||     7
       Brand Weapon With |       |       |       |       |       |       |       |       |     1 ||     1
 Abil: Fly               |       |       |       |       |     1 |       |       |       |     2 ||     3
       Stop Flying       |       |       |       |       |       |       |     1 |       |     2 ||     3
Evoke: Wand              |       |       |       |       |       |       |       |     1 |     6 ||     7
  Use: Scroll            |       |    14 |     3 |     8 |    11 |     8 |     8 |    17 |    39 ||   108
       Potion            |       |       |     5 |     2 |     4 |     5 |     2 |       |    26 ||    44
 Stab: Held in net/web   |       |       |       |       |       |     5 |       |       |       ||     5
       Invisible         |       |       |       |       |       |     9 |     5 |       |       ||    14
       Distracted        |       |       |       |       |       |       |       |     1 |       ||     1
  Eat: Chunk             |     1 |     7 |     9 |    20 |     6 |     6 |    18 |     9 |     7 ||    83
       Meat ration       |       |       |     1 |     1 |     4 |     5 |       |       |     1 ||    12
       Bread ration      |       |       |       |       |     1 |     1 |     2 |     3 |    17 ||    24
       Royal jelly       |       |       |       |       |       |       |     2 |       |     1 ||     3
Armor: Leather armour    |    20 |       |       |       |       |       |       |       |       ||    20
       Plate armour      |    86 |   216 |   185 |   544 |   383 |       |       |       |       ||  1414
       Chain mail        |       |       |       |       |   726 |  1401 |   824 |   889 |       ||  3840
       Scale mail        |       |       |       |       |    62 |   171 |       |       |       ||   233
       Fire dragon scale |       |       |       |       |       |       |       |   285 |  3363 ||  3648
Dodge: Dodged            |    59 |    93 |    62 |   273 |   622 |  1133 |   755 |  1224 |  3973 ||  8194
Block: Other             |       |    15 |    16 |     6 |   104 |   342 |   202 |   289 |   361 ||  1335
